 Dungeon Crawl Stone Soup version 0.30.0-30-g96aa6591b8 (webtiles) character file.

Game seed: 15274967376637185216

771 croobank the Sneak (level 7, -1/47 HPs)
             Began as an Octopode Fire Elementalist on June 27, 2023.
             Was an Initiate of Gozag.
             Succumbed to a water moccasin's poison
             ... on level 5 of the Dungeon.
             The game lasted 00:13:33 (4604 turns).

croobank the Sneak (Octopode Fire Elementalist)     Turns: 4604, Time: 00:13:33

Health: -1/47      AC:  1    Str:  7    XL:     7   Next: 83%
Magic:  12/12      EV: 14    Int: 19    God:    Gozag
Gold:   467        SH:  0    Dex: 13    Spells: 6/13 levels left

rFire   . . .        q - +7 great mace "Undeadhunter" {deathbane, rN+}
rCold   . . .        (shield currently unavailable)
rNeg    + . .        (helmet restricted)
rPois   .            (no amulet)
rElec   .            i - ring of resist corrosion
rCorr   +            p - ring of see invisible
SInv    +            (no ring)
Will    .....        (no ring)
Stlth   ++           (no ring)
HPRegen 0.27/turn    (no ring)
MPRegen 0.13/turn    (no ring)
                     (no ring)

%: no passive effects
@: confused, lethally poisoned (-1 -> -23), ambrosia-drunk, very slightly
contaminated
A: almost no armour, amphibious, 8 rings, camouflage 1, gelatinous body 1,
(nimble swimmer 1), tentacles
a: Renounce Religion, Potion Petition, Call Merchant, Bribe Branch


You were on level 5 of the Dungeon.
You worshipped Gozag.
Gozag was aware of your devotion.
You visited 2 branches of the dungeon, and saw 6 of its levels.

You collected 507 gold pieces.
You paid 40 gold pieces to Gozag.

Inventory:

Hand Weapons
 a - a +0 scimitar
 d - a +1 dagger
 g - a +0 short sword
 k - a +0 spear
 q - the +7 great mace "Undeadhunter" (weapon) {deathbane, rN+}
   (You found it on level 3 of the Dungeon)

   rN:        It protects you from negative energy.
Missiles
 r - 2 boomerangs
Jewellery
 i - a ring of resist corrosion (left tentacle)
 p - a ring of see invisible (right tentacle)
Wands
 o - a wand of iceblast (7)
 t - a wand of charming (2)
Scrolls
 c - a scroll of teleportation
 h - 4 scrolls of identify
 j - 2 scrolls of vulnerability
 l - a scroll of noise
 m - a scroll of magic mapping
 n - 2 scrolls of amnesia
 s - a scroll of fear
 u - a scroll of fog {unknown}
 v - a scroll of blinking {unknown}


   Skills:
 * Level 3.7 Fighting
 + Level 3.7 Dodging
 + Level 5.4 Stealth
 + Level 3.5 Spellcasting
 + Level 3.2 Conjurations
 + Level 4.4 Fire Magic


You had 6 spell levels left.
You knew the following spells:

 Your Spells              Type           Power      Damage    Failure   Level
a - Foxfire               Conj/Fire      72%        2x1d7     3%          1
b - Scorch                Fire           40%        2d6       3%          2
c - Flame Wave            Conj/Fire      18%        2d7       30%         4

Your spell library contained the following spells:

 Spells                   Type           Power      Damage    Failure   Level
 Inner Flame              Hex/Fire       11%        N/A       17%         3
 Volatile Blastmotes      Fire/Tloc      22%        2d11      17%         3


Dungeon Overview and Level Annotations

Branches:
Dungeon (5/15)             Temple (1/1) D:4

Altars:
Ashenzari
Cheibriados
Dithmenos
Gozag
Hepliaklqana
Kikubaaqudgha
Makhleb
Okawaru
Qazlal
Ru
Sif Muna
Uskayaw
Vehumet
Wu Jian
Yredelemnul
The Shining One

Shops:
D:3 :


Innate Abilities, Weirdness & Mutations

You cannot wear most types of armour.
You are amphibious.
You can wear up to eight rings at the same time.
Your skin changes colour to match your surroundings (Stealth+).
Your rubbery body absorbs attacks. (AC +1, EV +1)
((You are camouflaged when in or above water. (Stealth+)))
You have tentacles for arms and can constrict up to eight enemies at once.


Message History

You feel much better.
You feel very sick. The adder barely misses you. The water moccasin bites you.
The adder closely misses you.
Casting: Scorch (safe; 3% risk of failure)
Confirm with . or Enter, or press ? or * to list all spells.
Casting: Flame Wave (quite dangerous; 30% risk of failure)
Press: ? - help, Dir - look around, f - activate You miscast Flame Wave.
You are very lightly contaminated with residual magic.
You feel a strange surge of energy!
You feel very sick. The water moccasin barely misses you.
The adder completely misses you.
You feel very sick. The water moccasin bites you.
* * * LOW HITPOINT WARNING * * *
The adder misses you. The water moccasin bites you.
* * * LOW HITPOINT WARNING * * *
You are more poisoned.
The water moccasin poisons you!
It was a potion of ambrosia.
You are confused.
You feel invigorated.
* * * LOW HITPOINT WARNING * * *
You feel very sick. The adder closely misses you. The water moccasin bites you.
* * * LOW HITPOINT WARNING * * *
You are more poisoned.
The water moccasin poisons you! The adder barely misses you.
You are too confused!
You aren't carrying any potions.
You aren't carrying any potions.
Unknown command.
q - the +7 great mace "Undeadhunter" (weapon)
{deathbane, rN+}
* * * LOW HITPOINT WARNING * * *
You feel very sick. The water moccasin closely misses you.
You bump into the rock wall.
You die...
Your body crumbles into a pile of gold.

####### ##.##..####
#).....#.. ##.##..#.#
############.##.S#.###
................@S...#
.......############..#
.......###..... .....
..............##
S......
#######........#
.......
...............#
.......
...............#
....##'
...............# .....
.....#........##


You could see a water moccasin (combustible) and an adder.

Vanquished Creatures
  Grinder (D:4)
  A water moccasin (D:5)
  A phantom (D:4)
  2 scorpions
  A hound (D:5)
  An iguana (D:5)
  11 adders
  3 gnolls (D:4)
  2 worms
  3 dart slugs
  7 orcs
  9 endoplasms
  6 giant cockroaches
  4 goblins
  5 hobgoblins
  4 quokkas
  7 ball pythons
  5 bats
  9 frilled lizards
  4 kobolds
  6 rats
92 creatures vanquished.

Vanquished Creatures (collateral kills)
  An orc (D:4)
1 creature vanquished.

Vanquished Creatures (others)
  77 foxfires
77 creatures vanquished.

Grand Total: 170 creatures vanquished

Notes
Turn   | Place    | Note
-------+----------+-------------------------------------------
     0 | D:1      | croobank the Octopode Fire Elementalist began the quest for
                  | the Orb.
     0 | D:1      | Reached XP level 1. HP: 11/11 MP: 3/3
   147 | D:1      | Reached XP level 2. HP: 17/17 MP: 3/5
   150 | D:1      | Learned a level 2 spell: Scorch
   250 | D:1      | Reached skill level 3 in Stealth
   719 | D:1      | Reached XP level 3. HP: 21/21 MP: 1/6
  1242 | D:2      | Reached XP level 4. HP: 27/27 MP: 7/7
  1248 | D:2      | Learned a level 4 spell: Flame Wave
  1468 | D:2      | You fall into a shaft and drop 2 floors!
  1476 | D:4      | Noticed a scorpion
  1492 | D:4      | Killed a scorpion
  1493 | D:4      | Reached skill level 1 in Fighting
  1493 | D:4      | Reached skill level 4 in Stealth
  1493 | D:4      | Reached XP level 5. HP: 5/33 MP: 5/9
  1493 | D:4      | HP: 1/33 [poisoned by a scorpion]
  1634 | D:4      | Found a staircase to the Ecumenical Temple.
  1692 | Temple   | Entered the Ecumenical Temple
  1722 | Temple   | Became a worshipper of Gozag Ym Sagoz the Greedy
  2040 | D:3      | Found the +7 great mace "Undeadhunter" {deathbane, rN+}
  2080 | D:3      | Found Anlosuw's Book Boutique.
  2950 | D:2      | Found a faded altar of an unknown god.
  3118 | D:4      | Reached XP level 6. HP: 39/39 MP: 10/10
  3379 | D:4      | Noticed Grinder
  3386 | D:4      | Killed Grinder
  3387 | D:4      | Reached XP level 7. HP: 40/45 MP: 0/11
  3672 | D:4      | Reached skill level 5 in Stealth
  3836 | D:4      | Found an ancient bone altar of Kikubaaqudgha.
  3957 | D:5      | Entered Level 5 of the Dungeon
  4602 | D:5      | HP: 1/47 [water moccasin (6)]
  4604 | D:5      | Succumbed to a water moccasin's poison

Illustrated notes

Levels and vault maps discovered:
D:1:      dpeg_arrival_water_temple_mockup, layout_basic,
          minmay_misc_feat_diagonals, minmay_misc_feat_x
D:2:      layout_loops_ring, shapermc_ecumenical_altar_ellora
D:3:      layout_basic, serial_shops, nicolae_book_shop_shelving
D:4:      layout_loops_ring, mainiacjoe_overflow_24_doors,
          minmay_temple_entry_overgrown, uniq_grinder
D:5:      layout_basic
Temple:   hellmonk_temple_of_storms

Skill      XL: |  1  2  3  4  5  6  7 |
---------------+----------------------+-----
Stealth        | 3 4 5 |  5.4
Fighting       | 1 2 3 |  3.7
Conjurations   | 2 3 |  3.2
Dodging        | 3 |  3.7
Spellcasting   | 3 |  3.5
Fire Magic     | 4 |  4.4

Action                     |  1- 3 |  4- 6 |  7- 9 || total
---------------------------+-------+-------+-------++-------
  Melee: Tentacles         |     3 |     1 |     2 ||     6
         Unarmed           |     2 |       |       ||     2
         Constrict         |     3 |     8 |     4 ||    15
         Dagger            |    18 |    33 |    18 ||    69
   Cast: Foxfire           |    20 |    14 |    12 ||    46
         Scorch            |    10 |    32 |    21 ||    63
  Evoke: Wand              |       |     1 |     1 ||     2
    Use: Potion            |       |     3 |     4 ||     7
         Scroll            |       |     9 |       ||     9
   Stab: Sleeping          |     8 |    11 |     4 ||    23
 Armour: Skin              |       |     2 |     1 ||     3
  Dodge: Dodged            |     6 |    29 |    22 ||    57
